 Dungeon Crawl Stone Soup version 0.24.0-13-gcf9b319 (webtiles) character file.

Game seed: 3676165718148458828, levelgen mode: deterministic

2478961 SapereAude the Slayer (level 27, 325/325 HPs)
             Began as a Troll Monk on Mar 22, 2020.
             Was the Champion of Okawaru.
             Escaped with the Orb
             ... and 4 runes on Mar 23, 2020!
             The game lasted 04:41:13 (65389 turns).

SapereAude the Slayer (Troll Monk)                 Turns: 65389, Time: 04:41:14

Health: 325/325    AC: 38    Str: 37      XL:     27
Magic:  40/40      EV:  9    Int:  3 (4)  God:    Okawaru [******]
Gold:   6623       SH: 26    Dex: 10      Spells: 25/26 levels left

rFire    + + .     SeeInvis +     - Unarmed
rCold    + + +     Gourm    +   a - +2 large shield {AC+3}
rNeg     . . .     Faith    +   h - +6 gold dragon scales
rPois    +         Spirit   .   N - +2 hat of True Grit {rF+}
rElec    +         Reflect  .   Z - +1 cloak {+Inv}
rCorr    .         Harm     .   (gloves unavailable)
MR       ++++.                  (boots unavailable)
Stlth    ..........             S - amulet "Cyeriv Koqo" {Faith rElec rC+++ MP+9 Slay-4 Stlth-}
HPRegen  1.04/turn              K - ring of Nobred {+Fly rC- Dex+2 Slay+3}
MPRegen  0.27/turn              k - ring "Liqef" {Str+5 SInv}

@: no status effects
A: large, unfitting armour, claws 3, clumsy 2, deterioration 2, dopey 1, fast
metabolism 3, gourmand, magic resistance 2, regeneration 1, robust 1, shaggy fur
1, tough skin 3, weak 2
0: Orb of Zot
}: 4/15 runes: decaying, serpentine, silver, abyssal
a: Heroism, Finesse, Renounce Religion, Evoke Invisibility, Evoke Flight


You escaped.
You worshipped Okawaru.
Okawaru was exalted by your worship.
You were full.

You visited 10 branches of the dungeon, and saw 50 of its levels.
You visited the Abyss 2 times.
You also visited: Gauntlet, Ice Cave and Wizlab.

You collected 7971 gold pieces.
You spent 1348 gold pieces at shops.

Inventory:

Missiles
 I - 30 datura-tipped darts
 J - 141 large rocks (quivered)
 R - 34 silver javelins
 T - 52 javelins
 V - 47 atropa-tipped darts
Armour
 a - a +2 large shield of protection (worn)
 h - +6 gold dragon scales (worn)
 N - the +2 hat of True Grit (worn) {rF+}
   (Okawaru gifted it to you on level 1 of the Vaults)

   It protects you from fire.
 Z - a +1 cloak of invisibility (worn)
Jewellery
 k - the ring "Liqef" (right claw) {Str+5 SInv}
   (You found it in an ice cave)

   [ring of see invisible]

   It affects your strength (+5).
   It lets you see invisible.
 r - the amulet of the Evening {+Rage rN+ Dex+3}
   (You found it in a Gauntlet)

   [amulet of rage]

   It affects your dexterity (+3).
   It protects you from negative energy.
   It lets you go berserk.
 w - an uncursed ring of resist corrosion
 y - the amulet "Hevvurgh" {Acrobat rElec rF+}
   (You found it in a Gauntlet)

   [amulet of the acrobat]

   It helps you evade while moving and waiting.
   It protects you from fire.
   It insulates you from electricity.
 K - the ring of Nobred (left claw) {+Fly rC- Dex+2 Slay+3}
   (You found it in a wizard's laboratory)

   [ring of flight]

   It affects your dexterity (+2).
   It affects your accuracy and damage with ranged weapons and melee attacks
   (+3).
   It makes you vulnerable to cold.
   It lets you fly.
 S - the amulet "Cyeriv Koqo" (around neck) {Faith rElec rC+++ MP+9 Slay-4 Stlth-}
   (You found it on level 5 of the Vaults)

   [amulet of faith]

   It allows you to gain divine favour quickly.
   It affects your accuracy and damage with ranged weapons and melee attacks
   (-4).
   It renders you almost immune to cold.
   It insulates you from electricity.
   It affects your magic capacity (+9).
   It makes you less stealthy.
 Y - the ring of Migineth {rC+ rN+ Str+3}
   (You found it in a Gauntlet)

   [ring of protection from cold]

   It affects your strength (+3).
   It protects you from cold.
   It protects you from negative energy.
Wands
 i - a wand of digging (19)
 x - a wand of acid (35)
 E - a wand of polymorph (32)
 G - a wand of scattershot (5)
 L - a wand of iceblast (27)
 M - a wand of disintegration (57)
 O - a wand of enslavement (10)
 X - a wand of paralysis (4)
Scrolls
 c - 3 scrolls of holy word
 e - 3 scrolls of magic mapping
 l - 9 scrolls of fog
 m - 13 scrolls of fear
 p - 16 scrolls of teleportation
 B - 26 scrolls of remove curse
 C - 2 scrolls of silence
 D - 12 scrolls of blinking
 P - 2 scrolls of summoning
 U - 8 scrolls of vulnerability
Potions
 f - 2 potions of invisibility
 g - 3 potions of haste
 n - 26 potions of curing
 o - 6 potions of agility
 s - 8 potions of lignification
 u - 4 potions of berserk rage
 v - 5 potions of heal wounds
 z - 5 potions of ambrosia
 A - 3 potions of resistance
 F - 6 potions of flight
 H - a potion of cancellation
 Q - 2 potions of might
 W - 6 potions of mutation
Miscellaneous
 d - 2 sacks of spiders
 j - a lightning rod (4/4)
 q - a lamp of fire
 t - a fan of gales
Comestibles
 b - 58 rations


   Skills:
 + Level 21.0 Fighting
 + Level 19.0 Throwing
 + Level 16.6 Armour
 - Level 11.1 Dodging
 - Level 1.0 Stealth
 + Level 17.2 Shields
 - Level 20.4 Unarmed Combat
 - Level 2.0 Translocations
 - Level 7.6 Invocations
 + Level 13.1 Evocations


You had 25 spell levels left.
You knew the following spells:

 Your Spells              Type           Power        Failure   Level  Hunger
a - Apportation           Tloc           #.....       93%         1    ##.....

Your spell library contained the following spells:

 Spells                   Type           Power        Failure   Level  Hunger
 Blink                    Tloc           N/A          98%         2    ###....
 Animate Skeleton         Necr           N/A          99%         1    ##.....
 Beastly Appendage        Tmut           #.....       99%         1    ##.....
 Confusing Touch          Hex            #.....       99%         1    ##.....
 Corona                   Hex            #......      99%         1    ##.....
 Flame Tongue             Conj/Fire      #....        99%         1    ##.....
 Freeze                   Ice            #...         99%         1    ##.....
 Infusion                 Chrm           #...         99%         1    ##.....
 Magic Dart               Conj           #...         99%         1    ##.....
 Pain                     Necr           #...         99%         1    ##.....
 Summon Butterflies       Summ           #.......     99%         1    ##.....
 Summon Small Mammal      Summ           #...         99%         1    ##.....
 Shroud of Golubria       Chrm/Tloc      #.....       99%         2    ###....
 Call Imp                 Summ           #.......     100%        2    ###....
 Poisonous Vapours        Pois/Air       #.....       100%        2    ###....
 Searing Ray              Conj           #.....       100%        2    ###....
 Slow                     Hex            #.......     100%        2    ###....
 Song of Slaying          Chrm           #.......     100%        2    ###....
 Sticks to Snakes         Tmut           #.......     100%        2    ###....
 Swiftness                Chrm/Air       #.......     100%        2    ###....
 Throw Frost              Conj/Ice       #.....       100%        2    ###....
 Call Canine Familiar     Summ           #.......     100%        3    ####...
 Confuse                  Hex            #.......     100%        3    ####...
 Conjure Flame            Conj/Fire      #.......     100%        3    ####...
 Dazzling Spray           Conj/Hex       #.....       100%        3    ####...
 Gell's Gravitas          Tloc           #.........   100%        3    ####...
 Ignite Poison            Fire/Tmut/Pois #.......     100%        3    ####...
 Inner Flame              Hex/Fire       #.......     100%        3    ####...
 Lesser Beckoning         Tloc           #.........   100%        3    ####...
 Mephitic Cloud           Conj/Pois/Air  #.......     100%        3    ####...
 Ozocubu's Armour         Chrm/Ice       #.......     100%        3    ####...
 Portal Projectile        Hex/Tloc       #.....       100%        3    ####...
 Recall                   Summ/Tloc      N/A          100%        3    ####...
 Regeneration             Chrm/Necr      #.........   100%        3    ####...
 Spectral Weapon          Hex/Chrm       #.......     100%        3    ####...
 Spider Form              Tmut/Pois      #.........   100%        3    ####...
 Static Discharge         Conj/Air       #.......     100%        3    ####...
 Teleport Other           Tloc           #.......     100%        3    ####...
 Vampiric Draining        Necr           #.........   100%        3    ####...
 Airstrike                Air            #.........   100%        4    #####..
 Animate Dead             Necr           N/A          100%        4    #####..
 Cause Fear               Hex            #.........   100%        4    #####..
 Force Lance              Conj/Tloc      #.......     100%        4    #####..
 Fulminant Prism          Conj/Hex       #.........   100%        4    #####..
 Ice Form                 Ice/Tmut       #.......     100%        4    #####..
 Iskenderun's Mystic Bla  Conj           #.......     100%        4    #####..
 Leda's Liquefaction      Hex/Erth       #.........   100%        4    #####..
 Olgreb's Toxic Radiance  Pois           #.......     100%        4    #####..
 Petrify                  Tmut/Erth      #.......     100%        4    #####..
 Summon Ice Beast         Ice/Summ       #.......     100%        4    #####..
 Summon Lightning Spire   Summ/Air       #.......     100%        4    #####..
 Throw Icicle             Conj/Ice       #.......     100%        4    #####..
 Aura of Abjuration       Summ           #.........   100%        5    ######.
 Blade Hands              Tmut           #.........   100%        5    ######.
 Fireball                 Conj/Fire      #.........   100%        5    ######.
 Irradiate                Conj/Tmut      #.........   100%        5    ######.
 Lightning Bolt           Conj/Air       #.........   100%        5    ######.
 Metabolic Englaciation   Hex/Ice        #.........   100%        5    ######.
 Silence                  Hex/Air        #.........   100%        5    ######.
 Summon Demon             Summ           #.........   100%        5    ######.
 Summon Forest            Summ/Tloc      #.........   100%        5    ######.
 Summon Mana Viper        Hex/Summ       #.......     100%        5    ######.
 Yara's Violent Unravell  Hex/Tmut       #.........   100%        5    ######.
 Bolt of Fire             Conj/Fire      #.........   100%        6    #######
 Hydra Form               Tmut           #.........   100%        6    #######
 Shadow Creatures         Summ           N/A          100%        6    #######
 Simulacrum               Ice/Necr       #.........   100%        6    #######
 Statue Form              Tmut/Erth      #........    100%        6    #######
 Dragon Form              Tmut           #.........   100%        7    #######
 Ring of Flames           Chrm/Fire      #.........   100%        7    #######
 Summon Hydra             Summ           #.........   100%        7    #######
 Ignition                 Fire           #.........   100%        8    #######
 Dragon's Call            Summ           #.........   100%        9    #######
 Shatter                  Erth           #.........   100%        9    #######
 Tornado                  Air            #.........   100%        9    #######
 Passage of Golubria      Tloc           Unusable     N/A         4    N/A

Dungeon Overview and Level Annotations

Branches:
Dungeon (15/15)            Temple (1/1) D:4            Lair (6/6) D:8
  Swamp (4/4) Lair:4        Snake (4/4) Lair:3        Slime (0/5) Lair:5
    Orc (2/2) D:12            Elf (3/3) Orc:2        Vaults (5/5) D:13
  Crypt (0/3) Vaults:3     Depths (5/5) D:15            Zot (5/5) Depths:5
  IceCv (visited)          WizLab (visited)         Gauntlet (visited)

Altars:
Ashenzari
Cheibriados
Dithmenos
Elyvilon
Fedhas
Gozag
Hepliaklqana
Kikubaaqudgha
Makhleb
Nemelex Xobeh
Okawaru
Qazlal
Ru
Sif Muna
Trog
Uskayaw
Vehumet
Wu Jian
Xom
Yredelemnul
Zin
The Shining One
Beogh
Jiyva

Shops:
D:6 *   D:7 (   D:10 }   D:12 [   Orc:2 **}!   Elf:2 ?   Elf:3 (   Snake:1 =
Vaults:3 ?   Vaults:4 :[?([   Depths:1 [=(=

Portals:
Hell: Depths:1 Depths:2 Depths:3 Depths:4 Depths:5
Abyss: Depths:4 Depths:5
Pandemonium: Depths:3 Depths:4
Ziggurat: Depths:1

Annotations:
D:7 2 runed translucent doors
D:10 2 transporters, right's ghost, novice TrFi
Lair:2 exclusion: downstairs
Lair:4 exclusions: downstairs and hydra
Swamp:1 2 transporters, Juliofuj's ghost, adept DsFi
Swamp:3 3 runed translucent doors, Jesel's ghost, adept GnWr; Kranky's ghost, adept DsFi; Qissed Losa's ghost, adept DsFi
Snake:2 2 transporters
Elf:2 2 runed translucent doors
Vaults:1 2 runed translucent doors, Urudwoko's ghost, veteran HOFi
Vaults:2 3 runed translucent doors, narcow's ghost, adept GrFi
Depths:1 1 runed translucent door, exclusion: obsidian statue, butteredtoast's ghost, adept CeHu
Depths:2 2 transporters, Etothoc's ghost, adept DgEn
Depths:4 2 transporters, exclusion: orange crystal statue
Depths:5 1 runed translucent door, Voemockulo's ghost, veteran HaHu
Zot:3 exclusion: upstairs


Innate Abilities, Weirdness & Mutations

You are too large for most types of armour.
You have claws for hands.
Your metabolism is lightning-fast.
You like to eat raw meat.
Your natural rate of healing is unusually fast.
You are covered in fur. (AC +1)
You have extremely tough skin. (AC +3)
You are very clumsy. (Dex -4)
Your body often deteriorates upon taking damage.
You are dopey. (Int -2)
You are highly resistant to hostile enchantments. (MR++)
You are robust. (+10% HP)
You are very weak. (Str -4)


Message History

You climb upwards.
You feel yourself slow down.
There is a stone staircase leading down here.
There is a stone staircase leading up here.
You climb upwards.
There is a stone staircase leading down here.
Evoke which item? (* to show all) (? for menu, Esc to quit)
Aiming: Dig
Press: ? - help, Shift-Dir - straight line A rock wall.
This square is covered in magical glow.
The rock shatters into small pieces.
Evoke which item? (* to show all) (? for menu, Esc to quit)
Aiming: Dig
Press: ? - help, Shift-Dir - straight line A rock wall.
This square is covered in magical glow.
The rock shatters into small pieces.
There is a staircase leading out of the dungeon here.
You have escaped!

.......#.#...#.#...#.#...'...⌠...
.....#.#.#####.#####.#..##.......
....##.#.............#..##.⌠...⌠.
.....#.###.#######.###...#.......
.........#.#.....#.#.....####+###
.......###.###.###.###.........##
.......#.....#...................
....)..#.###.#.#.###.#.......).##
.......#.#.#.#.#@#.#.#.........##
.....#.###.###.###[###.....[.....
.....†..)......................##
......########................##
......# #####.....#....(##
......# ############# ......#
.....## ....##


There were no monsters in sight!

Vanquished Creatures
  6 ancient liches
  3 orbs of fire
  3 greater mummies (Depths:2)
  Saint Roka (Depths:2)
  the Lernaean hydra (Swamp:4)
  Vashnia (Snake:3)
  6 Killer Klowns
  Xtahua (Vaults:2)
  7 caustic shrikes (Depths:5)
  5 golden dragons
  3 profane servitors (Abyss:3)
  the Enchantress (Depths:4)
  Nikola (Snake:2)
  5 bone dragons
  3 electric golems
  2 hellephants (Abyss:3)
  3 liches
  A Cloud Mage (WizLab)
  13 tentacled monstrosities
  A Hell Sentinel (Abyss:3)
  25 Orb Guardians
  Asterion (Snake:1)
  A deep elf blademaster (Elf:3)
  3 titans
  A deep elf master archer (Elf:3)
  A quicksilver dragon (Zot:3)
  4 death cobs
  3 thorn hunters
  25 tentacled starspawn
  2 sphinxes (Vaults:5)
  14 storm dragons
  3 tengu reavers
  Donald (Orc:2)
  5 shadow dragons
  5 draconian monks
  7 nagarajas (Snake:4)
  9 frost giants
  10 fire giants
  A ghost moth (shapeshifter) (Vaults:4)
  2 orc warlords (Depths:1)
  A draconian knight (Zot:1)
  13 deep elf sorcerers
  Aizul (Swamp:1)
  4 draconian scorchers
  11 vault wardens
  7 spriggan defenders
  A draconian stormcaller (Zot:1)
  13 ironheart preservers
  5 draconian shifters
  3 cacodemons
  An iron dragon (Depths:5)
  3 deep elf elementalists
  A corrupter (Abyss:3)
  An angel (Abyss:5)
  3 war gargoyles (Vaults:5)
  22 stone giants
  24 very ugly things
  3 reapers
  5 deep elf demonologists
  2 ophanim (Abyss:3)
  5 vampire knights
  12 green draconians
  4 black draconians
  4 purple draconians
  A minotaur (Gauntlet)
  An entropy weaver (Vaults:5)
  13 spark wasps
  A lorocyproca (Abyss:3)
  9 red draconians
  10 dire elephants
  8 deep elf annihilators
  6 white draconians
  6 yellow draconians
  Azrael (Snake:2)
  2 crystal guardians
  An eidolon (Abyss:3)
  2 green deaths (Abyss:3)
  13 ettins
  A merfolk javelineer (Depths:2)
  6 deep elf death magi
  6 deep elf high priests
  3 blizzard demons
  An ettin (shapeshifter) (Abyss:3)
  12 fire dragons
  A jiangshi (Vaults:3)
  2 mummy priests (Depths:2)
  Snorg (Lair:5)
  14 yaktaur captains
  8 great orbs of eyes
  6 rakshasas
  27 vault guards (Vaults:5)
  25 naga warriors
  6 ice dragons
  20 hydras
  A quicksilver dragon skeleton (D:15)
  3 ghost crabs
  A hell beast (Depths:3)
  2 shambling mangroves
  9 spriggan air magi
  A two-headed ogre (shapeshifter) (Vaults:5)
  4 death knights
  7 centaur warriors
  46 two-headed ogres
  12 anacondas
  A catoblepas (Lair:4)
  17 dancing weapons
  A tengu warrior (Gauntlet)
  13 ogre magi
  2 hell hogs
  13 alligators
  8 deep troll shamans
  6 death yaks
  5 spriggan berserkers
  3 vampire magi
  10 shock serpents
  6 deep troll earth magi
  27 thrashing horrors
  9 orc high priests
  13 naga sharpshooters
  14 deep elf knights
  5 soul eaters
  2 sun demons (Depths:1)
  3 hell knights (Depths:5)
  13 wretched stars
  A salamander mystic (Snake:4)
  2 sixfirhies (Abyss:3)
  7 skeletal warriors
  3 shadow wraiths
  A titan skeleton (Vaults:5)
  2 sea snakes (Snake:2)
  4 spatial maelstroms (Abyss:3)
  4 death drakes (WizLab)
  An unseen horror (shapeshifter) (Elf:3)
  4 spriggan druids
  A cherub (Abyss:5)
  5 flayed ghosts
  8 unseen horrors
  19 deep elf archers
  A shadow demon (Depths:1)
  21 deep trolls
  9 naga ritualists
  12 orc knights
  11 swamp dragons
  A glowing orange brain (shapeshifter) (Depths:3)
  8 glowing orange brains
  4 wizards
  A lindwurm (shapeshifter) (Vaults:4)
  5 wolf spiders
  3 oklob plants (Lair:1)
  8 phantasmal warriors
  An orb spider (shapeshifter) (Depths:5)
  12 ironbrand convokers
  2 harpies (shapeshifter)
  An iron dragon zombie (Abyss:3)
  9 necromancers
  5 orc sorcerers
  A wolf spider (shapeshifter) (Vaults:3)
  9 mana vipers
  A tengu skeleton (Vaults:3)
  2 manticores (shapeshifter)
  59 deep elf magi
  A moth of wrath (shapeshifter) (Depths:2)
  A faun (shapeshifter) (Depths:3)
  6 salamanders
  40 ugly things
  6 cyclopes
  11 moths of wrath
  2 manticores
  2 ice statues (IceCv)
  A stone giant skeleton (Vaults:4)
  A fire giant skeleton (D:15)
  A stone giant zombie (Vaults:3)
  Joseph (D:7)
  3 frost giant skeletons
  5 guardian serpents
  5 worldbinders
  A dire elephant zombie (Abyss:3)
  24 elephants
  11 vault sentinels
  A rust devil (Depths:1)
  11 spiny frogs
  4 gargoyles
  11 apocalypse crabs
  2 spiny frogs (shapeshifter)
  17 smoke demons
  28 naga magi
  A kobold demonologist (D:15)
  30 black mambas
  4 hellions
  An elf zombie (Vaults:5)
  An orange demon (Depths:1)
  A yaktaur zombie (Vaults:4)
  5 freezing wraiths
  A komodo dragon (shapeshifter) (Depths:1)
  A yaktaur (shapeshifter) (Vaults:3)
  3 tormentors
  3 efreet
  5 rime drakes
  39 yaktaurs
  3 human skeletons
  7 komodo dragons
  2 red devils (Depths:1)
  3 tengu conjurers
  3 ice devils
  A silent spectre (Abyss:3)
  A jumping spider (Vaults:5)
  8 hellwings
  6 tyrant leeches
  A queen bee (shapeshifter) (Vaults:5)
  13 ancient zymes
  27 hornets
  4 trolls
  3 polar bears
  3 wind drakes (WizLab)
  A blink frog (shapeshifter) (Vaults:3)
  An ettin zombie (D:15)
  3 meliai (shapeshifter)
  4 bog bodies
  24 raiju (Abyss:3)
  19 blink frogs
  Grinder (D:6)
  42 slime creatures
  7 hippogriffs
  An ice dragon zombie (D:15)
  A stone giant simulacrum (Vaults:3)
  14 dream sheep
  7 flying skulls (Abyss:3)
  3 redbacks (Vaults:5)
  A vampire (Abyss:3)
  43 yaks
  4 shadows
  2 wyverns
  4 wraiths
  9 ynoxinuls
  2 yaks (shapeshifter)
  19 spriggans
  15 water elementals
  13 air elementals
  3 basilisks
  6 fire elementals
  3 ettin skeletons
  A fire bat (Abyss:3)
  A hog (shapeshifter) (Vaults:5)
  A basilisk (shapeshifter) (Depths:3)
  4 hungry ghosts
  22 vampire mosquitoes
  13 chaos spawn
  2 steam dragons
  A human (shapeshifter) (Vaults:3)
  Grum (D:10)
  12 neqoxecs
  An emperor scorpion simulacrum (Abyss:5)
  A golden eye (Abyss:3)
  8 spatial vortices (Abyss:3)
  A yaktaur simulacrum (Vaults:4)
  49 large abominations
  15 insubstantial wisps
  A human simulacrum (Vaults:5)
  15 wargs
  38 nagas
  23 swamp worms
  11 water moccasins
  2 acid dragons (D:15)
  42 small abominations
  14 porcupines
  14 swamp drakes
  7 hell hounds
  2 black bears
  6 sky beasts
  A deep troll skeleton (Vaults:4)
  19 orc warriors
  3 black bears (shapeshifter)
  25 ice beasts
  An ettin simulacrum (Vaults:3)
  2 eyes of draining (Abyss:3)
  58 starcursed masses
  7 boggarts
  32 ogres
  A phantom (D:14)
  16 centaurs
  17 wolves
  13 crocodiles
  3 big kobolds
  An earth elemental (Elf:2)
  20 bullfrogs
  An elf skeleton (Abyss:3)
  A wyvern skeleton (D:12)
  A scorpion (D:4)
  4 killer bees (D:11)
  5 electric eels
  8 wights
  7 howler monkeys
  14 crimson imps
  3 centaur zombies
  4 quasits (Abyss:3)
  3 jellies
  2 bullfrog zombies
  4 centaur skeletons
  4 hounds
  39 orc priests
  4 iron imps
  A bullfrog skeleton (D:13)
  Terence (D:3)
  4 iguanas
  17 orc wizards
  3 hell rats (D:8)
  15 worker ants
  2 hound zombies (D:6)
  A hound skeleton (D:6)
  A worker ant zombie (D:11)
  6 gnolls
  A howler monkey skeleton (D:11)
  7 adders
  10 shadow imps
  11 white imps
  A howler monkey simulacrum (D:11)
  A worker ant simulacrum (D:11)
  2 oozes
  6 ufetubi
  3 adder zombies
  An adder skeleton (D:5)
  A worm (D:2)
  2 dart slugs
  7 leopard geckos
  An orc (shapeshifter) (Vaults:5)
  98 orcs
  A ball python (D:3)
  3 giant cockroaches
  8 goblins
  7 hobgoblins
  5 jackals
  4 quokkas
  4 bats
  3 frilled lizards
  A giant cockroach zombie (D:6)
  A jackal skeleton (D:8)
  15 kobolds
  A quokka zombie (D:6)
  12 rats
  A crawling corpse (Vaults:4)
  2 lurking horrors
  5 plants
  12 starspawn tentacles
2604 creatures vanquished.

Vanquished Creatures (collateral kills)
  A great orb of eyes (Depths:4)
  A spriggan air mage (Depths:4)
2 creatures vanquished.

Vanquished Creatures (others)
  An ironheart preserver (Vaults:5)
  A deep elf annihilator (Elf:3)
  3 yaktaur captains
  An ice dragon (Depths:3)
  2 centaur warriors
  A thrashing horror (Abyss:3)
  A deep elf knight (Elf:3)
  An unseen horror (Vaults:1)
  A necromancer (Depths:5)
  3 deep elf archers
  An ugly thing (Swamp:4)
  A moth of wrath (Zot:3)
  A smoke demon (Abyss:3)
  7 yaktaurs
  2 raiju (Abyss:3)
  A water elemental (Elf:2)
  2 golden eyes (Abyss:3)
  2 large abominations (Abyss:3)
  A naga (Snake:4)
  A boggart (Vaults:2)
  An ogre (Vaults:4)
  4 small abominations (Abyss:3)
  A jelly (Abyss:3)
  An ufetubus (Abyss:3)
  An orc simulacrum (Abyss:3)
  30 fungi
  4 lurking horrors
  26 plants
  91 starspawn tentacles
  4 tentacles (Abyss:3)
  3 withered plants
200 creatures vanquished.

Grand Total: 2806 creatures vanquished

Notes
Turn   | Place    | Note
-------+----------+-------------------------------------------
     0 | D:1      | SapereAude the Troll Monk began the quest for the Orb.
     0 | D:1      | Reached XP level 1. HP: 22/22 MP: 0/0
   109 | D:1      | Reached XP level 2. HP: 29/29 MP: 1/1
   641 | D:2      | Reached XP level 3. HP: 36/36 MP: 2/2
   845 | D:2      | Reached skill level 3 in Fighting
   851 | D:2      | Reached XP level 4. HP: 37/45 MP: 3/3
   997 | D:2      | Found a glowing golden altar of the Shining One.
  1407 | D:3      | Found an ancient bone altar of Kikubaaqudgha.
  1411 | D:3      | Found a glowing silver altar of Zin.
  1479 | D:3      | Reached skill level 5 in Unarmed Combat
  1508 | D:3      | Reached XP level 5. HP: 43/53 MP: 4/4
  1544 | D:3      | Noticed an ogre
  1547 | D:3      | Noticed Terence
  1725 | D:4      | Found a staircase to the Ecumenical Temple.
  1737 | Temple   | Entered the Ecumenical Temple
  2051 | Temple   | Became a worshipper of Warmaster Okawaru
  2051 | Temple   | Reached * piety under Okawaru
  2051 | Temple   | Reached ** piety under Okawaru
  2096 | D:4      | Noticed an ogre
  2101 | D:4      | Killed an ogre
  2148 | D:4      | Reached XP level 6. HP: 59/62 MP: 5/5
  2562 | D:5      | Entered Level 5 of the Dungeon
  2574 | D:5      | Noticed a sky beast
  2581 | D:5      | Reached skill level 4 in Fighting
  2593 | D:5      | Killed a sky beast
  2635 | D:5      | Reached XP level 7. HP: 70/70 MP: 6/6
  2920 | D:5      | Reached *** piety under Okawaru
  3052 | D:3      | Killed Terence
  3485 | D:5      | Reached skill level 5 in Fighting
  3491 | D:5      | Reached XP level 8. HP: 34/80 MP: 4/7
  3613 | D:5      | Reached skill level 1 in Invocations
  4269 | D:6      | Reached **** piety under Okawaru
  4297 | D:6      | Noticed Grinder
  4306 | D:6      | Killed Grinder
  4306 | D:6      | Reached skill level 6 in Fighting
  4306 | D:6      | Reached XP level 9. HP: 69/89 MP: 10/10
  4395 | D:6      | Found Fonwui's General Store.
  4539 | D:6      | Reached skill level 10 in Unarmed Combat
  4709 | D:6      | Reached skill level 1 in Throwing
  4746 | D:6      | Found a shimmering blue altar of Sif Muna.
  5027 | D:7      | Found a runed translucent door.
  5028 | D:7      | Found a runed translucent door.
  5177 | D:7      | Found Qavaho's Weapon Shop.
  5307 | D:7      | Noticed Joseph
  5315 | D:7      | Killed Joseph
  5317 | D:7      | Reached ***** piety under Okawaru
  5738 | D:8      | Found a staircase to the Lair.
  5738 | D:8      | Noticed a death yak
  5755 | D:8      | Killed a death yak
  5755 | D:8      | Received a gift from Okawaru
  5755 | D:8      | Reached XP level 10. HP: 53/100 MP: 9/12
  5759 | D:8      | Noticed a death yak
  5759 | D:8      | Noticed a death yak
  5999 | Lair:1   | Entered Level 1 of the Lair of Beasts
  6114 | Lair:1   | Reached skill level 7 in Fighting
  6181 | Lair:1   | Reached skill level 5 in Invocations
  6444 | Lair:1   | You fall into a shaft and drop 1 floor!
  6448 | Lair:2   | Noticed a six-headed hydra
  6715 | Lair:1   | Received a gift from Okawaru
  6875 | Lair:1   | Noticed an oklob plant
  7114 | Lair:2   | Noticed an eight-headed hydra
  7128 | Lair:2   | Noticed a spiny frog
  7149 | Lair:2   | Killed a spiny frog
  7149 | Lair:2   | Reached skill level 5 in Throwing
  7149 | Lair:2   | Reached skill level 1 in Shields
  7680 | Lair:3   | Noticed a spiny frog
  7692 | Lair:3   | Killed a spiny frog
  7692 | Lair:3   | Reached XP level 11. HP: 59/111 MP: 14/14
  8043 | Lair:3   | Reached skill level 8 in Fighting
  8279 | Lair:3   | Found a staircase to the Snake Pit.
  8446 | Lair:3   | Received a gift from Okawaru
  8455 | Lair:3   | Reached skill level 5 in Shields
  8708 | Lair:3   | Received a gift from Okawaru
  8941 | Lair:3   | Received a gift from Okawaru
  9014 | Lair:3   | Received a gift from Okawaru
  9184 | Lair:3   | Reached XP level 12. HP: 101/120 MP: 16/16
  9280 | Lair:3   | You fall into a shaft and drop 3 floors!
  9280 | Lair:6   | Entered Level 6 of the Lair of Beasts
  9732 | Lair:4   | Found a staircase to the Swamp.
  9816 | Lair:4   | Reached ****** piety under Okawaru
  9833 | Lair:4   | Noticed an ice dragon
  9853 | Lair:4   | Killed an ice dragon
 10122 | Lair:4   | Noticed a seven-headed hydra
 10813 | Lair:5   | Noticed a seven-headed hydra
 10948 | Lair:5   | Received a gift from Okawaru
 11052 | Lair:5   | Noticed Snorg
 11109 | Lair:5   | Noticed a death yak
 11109 | Lair:5   | Noticed a death yak
 11110 | Lair:5   | Noticed a death yak
 11263 | Lair:5   | Noticed a catoblepas
 11278 | Lair:4   | Killed a catoblepas
 11278 | Lair:4   | Received a gift from Okawaru
 11281 | Lair:4   | Got a silken robe {god gift}
 11293 | Lair:4   | Identified the +1 robe of Vehukke {rF++} (Okawaru gifted it
                  | to you on level 4 of the Lair of Beasts)
 11411 | Lair:5   | Killed an eight-headed hydra
 11491 | Lair:4   | Killed a death yak
 11510 | Lair:5   | Reached skill level 9 in Fighting
 11715 | Lair:5   | Killed a death yak
 11732 | Lair:5   | Killed a death yak
 11757 | Lair:5   | Found a staircase to the Slime Pits.
 11757 | Lair:5   | Found a viscous altar of Jiyva.
 12034 | Lair:5   | Killed Snorg
 12034 | Lair:5   | Reached XP level 13. HP: 76/131 MP: 9/17
 13967 | D:9      | Received a gift from Okawaru
 14142 | D:9      | Found a stormy altar of Qazlal.
 14603 | D:9      | Received a gift from Okawaru
 14623 | D:10     | Entered Level 10 of the Dungeon
 14728 | D:10     | Found a transporter.
 14746 | D:10     | Found a transporter.
 14748 | D:10     | Identified the +9 war axe of the Lair of Beasts {chop,
                  | rElec MR++ Str-4 Dex+3}
 14767 | D:10     | Found Iffuta's Gadget Shoppe.
 14887 | D:10     | Noticed Grum
 14893 | D:10     | Killed Grum
 14935 | D:10     | Found a bloodstained altar of Trog.
 14935 | D:10     | Identified the +5 giant spiked club "Arghufumn" {flame, rN+
                  | Dex+3 SInv}
 14935 | D:10     | Noticed right's ghost (novice TrFi)
 15396 | D:11     | Found a frozen archway.
 15451 | IceCv    | Entered an ice cave
 15471 | IceCv    | Reached skill level 10 in Fighting
 15530 | IceCv    | Received a gift from Okawaru
 15531 | IceCv    | Found the +11 plutonium sword {*Contam Stlth-}
 15966 | IceCv    | Got a sparkling bronze ring
 16214 | D:11     | Identified the ring "Liqef" {Str+5 SInv} (You found it in
                  | an ice cave)
 16305 | D:11     | Reached skill level 10 in Shields
 16493 | D:11     | Got a shimmering platinum ring
 16770 | D:11     | Paralysed by a hornet for 1 turns
 17357 | D:12     | Found a staircase to the Orcish Mines.
 17376 | Orc:1    | Entered Level 1 of the Orcish Mines
 17896 | D:12     | Found Hyefog's Antique Armour Emporium.
 17981 | Orc:1    | Reached XP level 14. HP: 112/144 MP: 18/18
 18053 | Orc:1    | Found a roughly hewn altar of Beogh.
 18118 | Orc:1    | Received a gift from Okawaru
 18393 | Orc:2    | Entered Level 2 of the Orcish Mines
 18402 | Orc:2    | Found a staircase to the Elven Halls.
 18411 | Orc:2    | Noticed Donald
 18419 | Orc:2    | Killed Donald
 18552 | Orc:2    | Received a gift from Okawaru
 18998 | Orc:2    | Reached skill level 10 in Throwing
 18998 | Orc:2    | Reached skill level 1 in Armour
 19248 | Orc:2    | Found a roughly hewn altar of Beogh.
 19392 | Orc:2    | Found a roughly hewn altar of Beogh.
 19463 | Orc:2    | Found Gequript's Assorted Antiques.
 19463 | Orc:2    | Found Ittoup's Assorted Antiques.
 19468 | Orc:2    | Bought a scroll of identify for 52 gold pieces
 19468 | Orc:2    | Bought a scroll of identify for 52 gold pieces
 19468 | Orc:2    | Bought a potion of curing for 78 gold pieces
 19479 | Orc:2    | Bought a scroll of identify for 56 gold pieces
 19479 | Orc:2    | Bought a scroll of teleportation for 84 gold pieces
 19479 | Orc:2    | Bought a scroll of teleportation for 84 gold pieces
 19542 | Orc:2    | Found Busig's Distillery.
 19542 | Orc:2    | Found Jasoux's Gadget Shoppe.
 19547 | Orc:2    | Bought a potion of heal wounds for 65 gold pieces
 19547 | Orc:2    | Bought a potion of heal wounds for 65 gold pieces
 19547 | Orc:2    | Bought a potion of resistance for 130 gold pieces
 19551 | Orc:2    | Identified the ring "Etzogu" {rElec EV+3 Str-4 Int+2} (You
                  | found it on level 11 of the Dungeon)
 20157 | D:13     | Reached skill level 11 in Fighting
 20247 | D:13     | Found a gate leading to a gauntlet.
 20259 | Gauntlet | Entered a Gauntlet
 20259 | Gauntlet | Found a transporter.
 20259 | Gauntlet | Found a transporter.
 20264 | Gauntlet | Found a transporter.
 20264 | Gauntlet | Found a transporter.
 20273 | Gauntlet | Found a transporter.
 20292 | Gauntlet | Found a transporter.
 20302 | Gauntlet | Found a transporter.
 20302 | Gauntlet | Found a transporter.
 20302 | Gauntlet | Noticed a reaper
 20326 | Gauntlet | Found a transporter.
 20333 | Gauntlet | Found a transporter.
 20345 | Gauntlet | Found a transporter.
 20392 | Gauntlet | Found a transporter.
 20401 | Gauntlet | Found a transporter.
 20417 | Gauntlet | Found a transporter.
 20518 | Gauntlet | Found a transporter.
 20534 | Gauntlet | Found a transporter.
 20711 | Gauntlet | Got a transparent steel amulet
 20776 | Gauntlet | Killed a reaper
 20930 | Gauntlet | Got a flickering lead amulet
 20932 | Gauntlet | Got a glittering platinum ring
 20936 | Gauntlet | Identified the amulet "Hevvurgh" {Acrobat rElec rF+} (You
                  | found it in a Gauntlet)
 20941 | Gauntlet | Identified the ring of Migineth {rC+ rN+ Str+3} (You found
                  | it in a Gauntlet)
 20943 | Gauntlet | Identified the amulet of the Evening {+Rage rN+ Dex+3} (You
                  | found it in a Gauntlet)
 20996 | Gauntlet | Got a faintly humming hat
 21047 | Gauntlet | Identified the +0 hat "Doahuz" {rN+} (You found it in a
                  | Gauntlet)
 21330 | D:13     | Found a gate to the Vaults.
 21683 | D:14     | Reached skill level 1 in Evocations
 21796 | D:14     | Received a gift from Okawaru
 21996 | D:14     | Received a gift from Okawaru
 21996 | D:14     | Reached skill level 5 in Armour
 22152 | D:14     | Received a gift from Okawaru
 22309 | D:15     | Entered Level 15 of the Dungeon
 22352 | D:15     | Reached XP level 15. HP: 140/154 MP: 19/19
 22458 | D:15     | Found a staircase to the Depths.
 23676 | Lair:5   | Received a gift from Okawaru
 24603 | Lair:6   | Received a gift from Okawaru
 24711 | Lair:6   | Received a gift from Okawaru
 24846 | Swamp:1  | Entered Level 1 of the Swamp
 24853 | Swamp:1  | Identified the +6 lajatang of Dishonesty {freeze, rF+
                  | Str+4}
 24854 | Swamp:1  | Noticed Juliofuj's ghost (adept DsFi)
 24856 | Swamp:1  | Found a bloodstained altar of Trog.
 24868 | Swamp:1  | Reached skill level 15 in Unarmed Combat
 24880 | Swamp:1  | Found a transporter.
 24947 | Swamp:1  | Noticed a thorn hunter
 24976 | Swamp:1  | Killed a thorn hunter
 24997 | Swamp:1  | Received a gift from Okawaru
 25019 | Swamp:1  | Reached skill level 12 in Fighting
 25092 | Swamp:1  | Found a transporter.
 25711 | Swamp:1  | Noticed Aizul
 25728 | Swamp:1  | Killed Aizul
 25782 | Swamp:1  | Received a gift from Okawaru
 25968 | Swamp:2  | Reached XP level 16. HP: 159/165 MP: 20/20
 26027 | Swamp:2  | Noticed a thorn hunter
 26046 | Swamp:2  | Killed a thorn hunter
 26046 | Swamp:2  | Reached skill level 5 in Evocations
 26357 | Swamp:2  | Received a gift from Okawaru
 26576 | Swamp:2  | Noticed a thorn hunter
 26582 | Swamp:2  | Killed a thorn hunter
 27213 | Swamp:3  | Found a runed translucent gate.
 27213 | Swamp:3  | Found a runed translucent gate.
 27213 | Swamp:3  | Found a runed translucent gate.
 27216 | Swamp:3  | Noticed Kranky's ghost (adept DsFi)
 27216 | Swamp:3  | Noticed Jesel's ghost (adept GnWr)
 27216 | Swamp:3  | Noticed Qissed Losa's ghost (adept DsFi)
 27947 | Swamp:4  | Entered Level 4 of the Swamp
 28520 | Swamp:4  | Received a gift from Okawaru
 28633 | Swamp:4  | Received a gift from Okawaru
 28652 | Swamp:4  | Noticed the 27-headed Lernaean hydra
 28680 | Swamp:4  | Killed the 27-headed Lernaean hydra
 28680 | Swamp:4  | Received a gift from Okawaru
 29184 | Swamp:4  | Reached skill level 13 in Fighting
 29207 | Swamp:4  | Reached XP level 17. HP: 107/176 MP: 21/21
 29471 | Swamp:4  | Got a decaying rune of Zot
 29749 | Snake:1  | Entered Level 1 of the Snake Pit
 29782 | Snake:1  | Noticed Asterion
 29808 | Snake:1  | Killed Asterion
 29976 | Snake:1  | Received a gift from Okawaru
 30089 | Snake:1  | Found Jeajorchu's Jewellery Boutique.
 30370 | Snake:1  | Identified a scroll of acquirement
 30411 | Snake:1  | Received a gift from Okawaru
 30418 | Snake:1  | Got a translucent garnet amulet
 30421 | Snake:1  | Identified the amulet of Zaamoos {Spirit *Corrode rPois rC+
                  | Str+9} (You acquired it on level 1 of the Snake Pit)
 31041 | Snake:2  | Received a gift from Okawaru
 31314 | Snake:2  | Noticed Nikola
 31464 | Snake:2  | Killed Nikola
 31511 | Snake:2  | Received a gift from Okawaru
 31755 | Snake:2  | Found a transporter.
 31872 | Snake:2  | Found a blossoming altar of Fedhas.
 31901 | Snake:2  | Received a gift from Okawaru
 31909 | Snake:2  | Noticed Azrael
 31923 | Snake:2  | Reached skill level 10 in Armour
 31941 | Snake:2  | Killed Azrael
 31969 | Snake:2  | Found a transporter.
 32183 | Snake:3  | Noticed Vashnia
 32397 | Snake:3  | Killed Vashnia
 32558 | Snake:3  | Received a gift from Okawaru
 33154 | Snake:4  | Entered Level 4 of the Snake Pit
 33225 | Snake:4  | Reached XP level 18. HP: 163/188 MP: 23/23
 33637 | Snake:4  | Reached skill level 14 in Fighting
 33865 | Snake:4  | Received a gift from Okawaru
 34790 | Snake:4  | Got a serpentine rune of Zot
 35688 | Elf:1    | Entered Level 1 of the Elven Halls
 36094 | Elf:1    | Received a gift from Okawaru
 36569 | Elf:2    | Received a gift from Okawaru
 36704 | Elf:2    | Cast into level 3 of the Abyss (+3 glaive of distortion)
 36784 | Abyss:5  | Entered Level 5 of the Abyss
 36784 | Abyss:5  | Found a corrupted altar of Lugonu.
 36792 | Abyss:5  | Found a corrupted altar of Lugonu.
 36792 | Abyss:5  | Found a roughly hewn altar of Beogh.
 36837 | Abyss:5  | Found a burning altar of Makhleb.
 36891 | Abyss:5  | Reached skill level 10 in Evocations
 37005 | Abyss:5  | Received a gift from Okawaru
 37007 | Abyss:5  | Reached XP level 19. HP: 123/160 MP: 18/25
 37341 | Abyss:5  | Noticed a juggernaut
 37426 | Abyss:5  | Noticed a bone dragon
 37438 | Abyss:5  | Killed a bone dragon
 37438 | Abyss:5  | Reached skill level 15 in Fighting
 37517 | Abyss:5  | Received a gift from Okawaru
 37865 | Elf:2    | Escaped the Abyss
 37908 | Elf:2    | Received a gift from Okawaru
 37919 | Elf:2    | Found a runed translucent door.
 37944 | Elf:2    | Found a runed translucent door.
 38230 | Elf:2    | Found Veaheest's Magic Scroll Boutique.
 38254 | Elf:2    | Bought a scroll of teleportation for 33 gold pieces
 38254 | Elf:2    | Bought a scroll of blinking for 82 gold pieces
 38254 | Elf:2    | Bought a scroll of teleportation for 33 gold pieces
 38254 | Elf:2    | Bought a scroll of fear for 38 gold pieces
 38254 | Elf:2    | Bought a scroll of identify for 22 gold pieces
 38394 | Elf:3    | Entered Level 3 of the Elven Halls
 38394 | Elf:3    | Found Kabuwk's Antique Weapon Emporium.
 38456 | Elf:3    | Found a magical portal.
 39076 | WizLab   | Received a gift from Okawaru
 39318 | WizLab   | Noticed Vofox
 39333 | WizLab   | Killed Vofox the Cloud Mage
 39375 | WizLab   | Got a sparkling granite ring
 39376 | WizLab   | Identified the Almanac of the Birds
 39382 | WizLab   | Identified the ring of Nobred {+Fly rC- Dex+2 Slay+3} (You
                  | found it in a wizard's laboratory)
 40262 | Elf:3    | Identified the +8 great sword of the Fool {flame, +Inv SInv
                  | Stlth+}
 40262 | Elf:3    | Identified the ring of Eternal Harmony {*Tele rElec MP+9}
 40271 | Elf:3    | Cast into level 3 of the Abyss (a deep elf demonologist)
 40331 | Abyss:3  | Found a corrupted altar of Lugonu.
 40585 | Abyss:3  | Reached skill level 16 in Fighting
 40589 | Abyss:3  | Found a corrupted altar of Lugonu.
 40609 | Abyss:3  | Reached XP level 20. HP: 188/211 MP: 26/26
 40812 | Abyss:3  | Received a gift from Okawaru
 40913 | Abyss:3  | Received a gift from Okawaru
 40918 | Abyss:3  | Found a corrupted altar of Lugonu.
 41002 | Abyss:3  | Noticed a profane servitor
 41032 | Abyss:3  | Killed a profane servitor
 41065 | Abyss:3  | Noticed a profane servitor
 41100 | Abyss:3  | Paralysed by accursed screaming for 1 turns
 41102 | Abyss:3  | Killed a profane servitor
 41249 | Abyss:3  | Gained mutation: You are weak. (Str -2) [a neqoxec]
 41250 | Abyss:3  | Gained mutation: Your body sometimes deteriorates upon
                  | taking damage. [a neqoxec]
 41796 | Abyss:3  | Gained mutation: You are robust. (+10% HP) [a neqoxec]
 41869 | Abyss:3  | Paralysed by accursed screaming for 1 turns
 41913 | Abyss:3  | Received a gift from Okawaru
 42492 | Abyss:3  | Received a gift from Okawaru
 42559 | Abyss:3  | Noticed a bone dragon
 42583 | Abyss:3  | Killed a bone dragon
 42660 | Abyss:3  | Noticed a bone dragon
 42673 | Abyss:3  | Killed a bone dragon
 42768 | Abyss:3  | Learned a level 1 spell: Apportation
 42808 | Abyss:3  | Reached XP level 21. HP: 217/245 MP: 27/27
 42942 | Abyss:3  | Reached skill level 1 in Translocations
 43193 | Abyss:3  | Received a gift from Okawaru
 43320 | Abyss:3  | Reached skill level 15 in Shields
 43400 | Abyss:3  | Found a corrupted altar of Lugonu.
 43429 | Abyss:3  | Found a corrupted altar of Lugonu.
 43508 | Abyss:3  | Found a radiant altar of Vehumet.
 43543 | Abyss:3  | Received a gift from Okawaru
 43645 | Abyss:3  | Noticed a profane servitor
 43657 | Abyss:3  | Killed a profane servitor
 43670 | Abyss:3  | Received a gift from Okawaru
 43871 | Abyss:3  | Reached skill level 17 in Fighting
 43911 | Abyss:3  | Paralysed by accursed screaming for 1 turns
 44006 | Abyss:3  | Gained mutation: You are clumsy. (Dex -2) [a neqoxec]
 44014 | Abyss:3  | Gained mutation: You are resistant to hostile enchantments.
                  | (MR+) [a neqoxec]
 44030 | Abyss:3  | HP: 8/248 [tentacled starspawn (7)]
 44359 | Abyss:3  | Gained mutation: You are highly resistant to hostile
                  | enchantments. (MR++) [a neqoxec]
 44646 | Abyss:3  | Paralysed by accursed screaming for 1 turns
 44650 | Abyss:3  | Paralysed by accursed screaming for 1 turns
 44928 | Abyss:3  | Gained mutation: Your body often deteriorates upon taking
                  | damage. [a neqoxec]
 45122 | Abyss:3  | Found a corrupted altar of Lugonu.
 45148 | Abyss:3  | Got an abyssal rune of Zot
 45501 | Abyss:3  | Received a gift from Okawaru
 45503 | Elf:3    | Escaped the Abyss
 45533 | Elf:3    | Reached XP level 22. HP: 207/259 MP: 25/28
 45545 | Elf:3    | Received a gift from Okawaru
 45915 | Elf:3    | Identified the Reference Book on Sinister Secrets and the
                  | Voyage
 45927 | Elf:3    | Identified Sif Muna's Compendium of Spatial Contamination
 45929 | Elf:3    | Identified the Grimoire of Contamination and Moulding
 45942 | Elf:3    | Got a slimy garnet amulet
 45943 | Elf:3    | Identified the amulet "Ujuwefof" {-Tele +Rage Str+3 SInv}
                  | (You found it on level 3 of the Elven Halls)
 46473 | Vaults:1 | Entered Level 1 of the Vaults
 46734 | Vaults:1 | Found a large runed translucent door.
 46735 | Vaults:1 | Found a large runed translucent door.
 46735 | Vaults:1 | Noticed Urudwoko's ghost (veteran HOFi)
 47134 | Vaults:1 | Received a gift from Okawaru
 47372 | Vaults:1 | Reached skill level 5 in Dodging
 47383 | Vaults:1 | Received a gift from Okawaru
 47422 | Vaults:1 | Got a bloodstained hat {god gift}
 47428 | Vaults:1 | Identified the +2 hat of True Grit {rF+} (Okawaru gifted it
                  | to you on level 1 of the Vaults)
 48041 | Vaults:2 | Found a runed translucent gate.
 48042 | Vaults:2 | Found a runed translucent gate.
 48042 | Vaults:2 | Found a runed translucent gate.
 48042 | Vaults:2 | Noticed narcow's ghost (adept GrFi)
 48286 | Vaults:2 | Noticed Xtahua
 48300 | Vaults:2 | Killed Xtahua
 49205 | Vaults:3 | Found Wuschiut's Magic Scroll Emporium.
 49214 | Vaults:3 | Bought a scroll of teleportation for 57 gold pieces
 49214 | Vaults:3 | Bought a scroll of teleportation for 57 gold pieces
 49214 | Vaults:3 | Bought a scroll of teleportation for 57 gold pieces
 49214 | Vaults:3 | Bought a scroll of fear for 66 gold pieces
 49673 | Vaults:3 | Reached XP level 23. HP: 271/271 MP: 29/29
 49714 | Vaults:3 | Received a gift from Okawaru
 49830 | Vaults:3 | Found a staircase to the Crypt.
 49949 | Vaults:3 | Reached skill level 18 in Fighting
 50632 | Vaults:4 | Received a gift from Okawaru
 50671 | Vaults:4 | Found the +8 glaive of the Guard {elec, +Rage AC+5 SInv}
 50801 | Vaults:4 | Found Weeqerod's Weapon Shoppe.
 51123 | Vaults:4 | Received a gift from Okawaru
 51306 | Vaults:4 | Received a gift from Okawaru
 51698 | Vaults:4 | Found Edghajix's Antique Armour Shop.
 51706 | Vaults:4 | Found Otukuclya's Magic Scroll Shoppe.
 51723 | Vaults:4 | Bought a scroll of teleportation for 57 gold pieces
 51723 | Vaults:4 | Bought a scroll of summoning for 180 gold pieces
 51758 | Vaults:4 | Found Cecor's Book Shoppe.
 51953 | Vaults:4 | Found Geizobai's Antique Armour Shop.
 52121 | Vaults:5 | Entered Level 5 of the Vaults
 52214 | Vaults:5 | Noticed an ancient lich
 52218 | Vaults:5 | Killed an ancient lich
 52218 | Vaults:5 | Reached skill level 15 in Throwing
 52240 | Vaults:5 | Identified the ring "Cinut" {Fire rElec MR++ MP+9 Stlth-}
 52409 | Vaults:5 | Noticed an ancient lich
 52425 | Vaults:5 | Killed an ancient lich
 52425 | Vaults:5 | Received a gift from Okawaru
 52434 | Vaults:5 | Reached XP level 24. HP: 266/283 MP: 29/29
 52458 | Vaults:5 | Got a faintly glowing jade ring
 52459 | Vaults:5 | Identified the ring "Gimit" {rPois Int+9} (You found it on
                  | level 5 of the Vaults)
 52833 | Vaults:5 | Noticed an ancient lich
 52846 | Vaults:5 | Killed an ancient lich
 52860 | Vaults:5 | Received a gift from Okawaru
 53015 | Vaults:5 | Identified the +9 falchion of a bailey {freeze, rElec Int+3
                  | Dex+3}
 53056 | Vaults:5 | Received a gift from Okawaru
 53306 | Vaults:5 | Got a fine jade amulet
 53307 | Vaults:5 | Identified the amulet "Cyeriv Koqo" {Faith rElec rC+++ MP+9
                  | Slay-4 Stlth-} (You found it on level 5 of the Vaults)
 53375 | Vaults:5 | Identified the +4 ring mail of the Slorg {Str+2}
 53506 | Vaults:5 | Identified the +1 leather armour of the Onion {-Tele rF+++
                  | Str+2 Stlth+}
 53548 | Vaults:5 | Received a gift from Okawaru
 53634 | Vaults:5 | Got a silver rune of Zot
 53653 | Vaults:5 | Reached skill level 19 in Fighting
 53659 | Vaults:5 | Received a gift from Okawaru
 54270 | Vaults:3 | Reached skill level 10 in Dodging
 54385 | Depths:1 | Entered Level 1 of the Depths
 54446 | Depths:1 | Found a gateway to a ziggurat.
 54537 | Depths:1 | Found Qaff's Jewellery Emporium.
 54544 | Depths:1 | Found Jeodauc's Weapon Shoppe.
 54678 | Depths:1 | Found Ohaujyqo's Jewellery Boutique.
 54761 | Depths:1 | Found a runed translucent door.
 54762 | Depths:1 | Noticed butteredtoast's ghost (adept CeHu)
 54950 | Depths:1 | Found a gateway to Hell.
 55005 | Depths:1 | Received a gift from Okawaru
 55011 | Depths:1 | Reached XP level 25. HP: 241/295 MP: 29/29
 55160 | Depths:1 | Found Nicwe's Armour Emporium.
 55399 | Depths:2 | Noticed Saint Roka
 55405 | Depths:1 | Received a gift from Okawaru
 55659 | Depths:2 | Killed Saint Roka
 55668 | Depths:2 | Found a transporter.
 55689 | Depths:2 | Identified the +7 rapier "Kijeci" {pierce, MR- Str+5 Dex+7}
 55703 | Depths:2 | Noticed Etothoc's ghost (adept DgEn)
 55709 | Depths:2 | Noticed a juggernaut
 55737 | Depths:2 | Identified the +6 lajatang of Big Damage {vamp, Int+3}
 55805 | Depths:2 | Identified the +3 rapier of Valiance {distort, +Fly Dex+4}
 56033 | Depths:2 | Found a bloodstained altar of Trog.
 56059 | Depths:2 | Found a transporter.
 56494 | Depths:2 | Noticed a greater mummy
 56503 | Depths:2 | Killed a greater mummy
 56759 | Depths:2 | Noticed a greater mummy
 56771 | Depths:2 | Killed a greater mummy
 56781 | Depths:2 | Noticed a greater mummy
 56790 | Depths:2 | Killed a greater mummy
 57039 | Depths:3 | Found a one-way gate leading to the halls of Pandemonium.
 57121 | Depths:3 | Received a gift from Okawaru
 57401 | Depths:3 | Received a gift from Okawaru
 58102 | Depths:4 | Noticed the Enchantress
 58107 | Depths:4 | Killed the Enchantress
 58576 | Depths:4 | Received a gift from Okawaru
 58577 | Depths:4 | You fall into a shaft and drop 1 floor!
 58577 | Depths:5 | Entered Level 5 of the Depths
 58823 | Depths:4 | Found a transporter.
 58962 | Depths:4 | Noticed a juggernaut
 58976 | Depths:4 | Reached XP level 26. HP: 308/308 MP: 30/30
 58977 | Depths:4 | Found a one-way gate to the infinite horrors of the Abyss.
 59137 | Depths:4 | Found a transporter.
 59233 | Depths:4 | Got a scintillating silver ring
 59234 | Depths:4 | Identified the ring "Taghoeruwk" {rPois MR+ MP+9 Str-4
                  | Dex+5} (You found it on level 4 of the Depths)
 59485 | Depths:5 | Found a runed translucent door.
 59490 | Depths:5 | Noticed Voemockulo's ghost (veteran HaHu)
 59546 | Depths:5 | Received a gift from Okawaru
 59655 | Depths:5 | Found a snail-covered altar of Cheibriados.
 59739 | Depths:5 | Reached skill level 15 in Armour
 59857 | Depths:5 | Received a gift from Okawaru
 59860 | Depths:5 | Reached skill level 20 in Fighting
 60758 | Depths:5 | Found a gate to the Realm of Zot.
 61098 | Zot:1    | Entered Level 1 of the Realm of Zot
 61178 | Zot:1    | Received a gift from Okawaru
 61699 | Zot:3    | Reached XP level 27. HP: 315/318 MP: 30/30
 61866 | Zot:3    | Received a gift from Okawaru
 62363 | Zot:5    | Entered Level 5 of the Realm of Zot
 62682 | Zot:5    | Received a gift from Okawaru
 62683 | Zot:5    | Noticed an ancient lich
 62693 | Zot:5    | Killed an ancient lich
 62790 | Zot:5    | Received a gift from Okawaru
 62811 | Zot:5    | Noticed an orb of fire
 62816 | Zot:5    | Noticed an orb of fire
 62818 | Zot:5    | Gained mutation: You are very clumsy. (Dex -4) [an orb of
                  | fire]
 62832 | Zot:4    | Killed an orb of fire
 63011 | Zot:4    | Gained mutation: You are dopey. (Int -2) [an orb of fire]
 63032 | Zot:4    | Killed an orb of fire
 63196 | Zot:5    | Noticed an orb of fire
 63206 | Zot:5    | Killed an orb of fire
 63207 | Zot:5    | Noticed an ancient lich
 63225 | Zot:5    | Killed an ancient lich
 63225 | Zot:5    | Received a gift from Okawaru
 64115 | Zot:5    | Noticed an ancient lich
 64123 | Zot:5    | Killed an ancient lich
 64292 | Zot:5    | Received a gift from Okawaru
 64338 | Zot:5    | Reached skill level 21 in Fighting
 64771 | Zot:5    | Got the Orb of Zot
 64949 | Zot:1    | Gained mutation: You are very weak. (Str -4) [a neqoxec]
 65233 | D:10     | Noticed Kuen the pandemonium lord
 65352 | D:2      | Noticed Koymekur the pandemonium lord
 65389 | D:$      | Escaped with the Orb!

Levels and vault maps discovered:
D:1:      evilmike_arrival_hilbert_curve, layout_rooms, hex_large,
          moated_statue, minmay_fountain_box
D:2:      layout_rooms, tso_metal_star
D:3:      layout_rooms, minitemple, uniq_terence
D:4:      layout_basic, minmay_temple_entry_ruins, first_ration
D:5:      layout_basic, feat_on_display
D:6:      layout_basic, serial_shops, nicolae_shop_behind_doors,
          lemuel_blue_sif_altar, uniq_grinder
D:7:      minmay_the_grid_triangle_9x9_rhombus_full
          [minmay_the_grid_triangle_9x9_wacky_v,
          minmay_the_grid_triangle_9x9_from_above,
          minmay_the_grid_triangle_9x9_corruption,
          minmay_the_grid_triangle_9x9_tough_junction,
          minmay_the_grid_triangle_9x9_descending_squares,
          minmay_the_grid_triangle_9x9_steps,
          minmay_the_grid_triangle_9x9_windchime,
          minmay_the_grid_triangle_9x9_prize_top_heavy], layout_gridville,
          serial_shops, shop, the_bakery, uniq_joseph
D:8:      layout_layer_cave, dpeg_lair_monsters
D:9:      layout_roguey, overflow_temple_1_default
D:10:     layout_loops_ring, serial_shops, nicolae_shop_trees,
          gammafunk_ghost_wrathful_warriors, uniq_grum
D:11:     layout_loops_corners, serial_ice, serial_ice_b, serial_ice_k,
          serial_ice_h, serial_ice_m, serial_ice_d,
          portal_ice_cave_entry_ice_beasts, worms_lemuel
D:12:     layout_cross, serial_shops, kennysheep_little_box
D:13:     layout_gridville, david_vaults_1, gauntlet_entry_generic,
          nooodl_orcs_dogs
D:14:     layout_roguey
D:15:     gammafunk_depths_entry_grave, layout_long_grid, wad_floor_pattern_1,
          minmay_door_square
Temple:   hc_temple_tempest_star
Lair:1:   layout_roguey, serial_bayou_crossing, lemuel_fruit_tree,
          minmay_lair_oklob_chamber
Lair:2:   layout_cave_pods, st_stairs_12
Lair:3:   layout_regular_city, guppyfry_snake_entry_island, serial_rivers,
          chequers_serial_rivers_micro_c, chequers_serial_rivers_small_a,
          chequers_serial_rivers_micro_b, chequers_serial_rivers_micro_d,
          chequers_serial_rivers_small_3, infiniplex_staircase_pool_2
Lair:4:   layout_small_grid, swamp_mist, bobbens_ice_dragon_lair
Lair:5:   beast_lair_carwin_large_1, layout_gridlike, slime_altar_1,
          st_stairs_6, chequers_serial_rivers_small_a, grunt_megastairs_5,
          uniq_snorg
Lair:6:   due_jungle_book, layout_regular_city, pond, serial_bayou_shore_a,
          grunt_megastairs_3, serial_bayou_shore_b
Swamp:1:  layout_falls_marsh, gammafunk_ghost_wrathful_warriors,
          evilmike_swamp_ruin_wall, swamp_pool2, uniq_aizul
Swamp:2:  layout_basic_swamp, evilmike_swamp_ruin_house_1, swamp_pool3,
          hangedman_swamp_blocks
Swamp:3:  layout_falls_marsh, gammafunk_ghost_cemetery,
          evilmike_swamp_ruin_rubble_1, nicolae_swamp_stair_fork, swamp_pool1
Swamp:4:  swamp_old_school, layout_basic_swamp, swamp_pool1
Snake:1:  layout_onion_interference, serial_shops, shop, st_stairs_14,
          nrook_loot_triangle, nicolae_snake_squiggles, uniq_asterion
Snake:2:  gammafunk_its_a_trap, layout_basic, basic_altar, st_stairs_12,
          uniq_azrael, uniq_nikola
Snake:3:  layout_grid_maze, uniq_vashnia
Snake:4:  snake_pit, layout_basic, grunt_ministairs_3,
          nicolae_snake_double_loop, hangedman_corner_corridor
Orc:1:    layout_caves, mines1_david
Orc:2:    st_orc_town, layout_caves, minmay_orc_temple_a, uniq_donald
Elf:1:    eino_elf_arrival_sip, layout_loops_corners, hangedman_elf_disciples
Elf:2:    layout_loops_ring, serial_shops, shop, minmay_misc_feat_columns
Elf:3:    minmay_elf_hall_dome, layout_geoelf_grid, mu_enter_wizlab_4,
          serial_shops, shop
Vaults:1: ebering_vaults_ghost_disaster_area, vaults_dpeg_diagonal,
          nicolae_vaults_network_star, ontoclasm_vaults_claustrophobia,
          nicolae_vaults_an_arrangement, grunt_vaults_funnel,
          ontoclasm_vaults_gateway, ontoclasm_vaults_shuriken,
          hangedman_vaults_snaps, vaults_room_pool, vaults_room_door_ring,
          hangedman_vaults_nails, hangedman_vaults_river_flow,
          layout_vaults_maze_bifur
Vaults:2: gammafunk_vaults_ghost_spectres, nicolae_vaults_little_squares_4,
          vaults_mumra_lcd, v_misc_9, vaults_room_door_ring,
          grunt_vaults_hallway_long, nicolae_vaults_specimen_jars, v_misc_27,
          hangedman_vaults_trim, layout_vaults_big_room, uniq_xtahua
Vaults:3: v_rooms_1, hangedman_vaults_trim, nicolae_vaults_back_hallway,
          hangedman_vaults_trim, nicolae_vaults_inception_scallops,
          vaults_room_pool, hangedman_vaults_corner, v_misc_15,
          minmay_crypt_entry_simple_corners, nicolae_vaults_sealed_display,
          nicolae_vaults_windows_and_doors_thing, vaults_room_hallway,
          layout_vaults_omnigrid, serial_shops, nicolae_shop_trees, serial_glass
Vaults:4: nicolae_vaults_circle_grid_a, grunt_vaults_swirl,
          minmay_guarded_unrand_guard_vaults, vaults_standard_mumra_lines,
          nicolae_vaults_disjoint_gnomons, ontoclasm_vaults_fault,
          nicolae_vaults_asterisk, hangedman_vaults_stream,
          vaults_room_door_ring, ontoclasm_vaults_ligature,
          hangedman_vaults_nodes, layout_vaults_omnibox, serial_shops,
          shop_coins, shop, nicolae_shop_behind_doors, nicolae_shop_statue_plus,
          nicolae_shop_statue_plus
Vaults:5
Depths:1: layout_long_grid, enter_ziggurat_e, grunt_hell_entry_demonic_statue,
          serial_shops, nicolae_shop_competitors_out_of_business, shop, shop,
          kennysheep_mini, serial_sigils, serial_sigils_hangedman_shear,
          serial_sigils_hangedman_etch, serial_sigils_hangedman_gut,
          serial_sigils_hangedman_gnaw, serial_sigils_hangedman_gut,
          ebering_ghost_inner_flame, hangedman_decor_opposing, minmay_orc_keep
Depths:2: minmay_guarded_unrand_sceptre_of_torment, layout_cave_pools,
          hell_entry, columned_hall_lemuel, gammafunk_ghost_wrathful_warriors,
          drop_trap, feat_on_display, uniq_saint_roka
Depths:3: hangedman_cross_stitches, layout_basic, rand_demon_pan_entry_8,
          kennysheep_another_room, grunt_hell_entry_dis_grunt,
          infiniplex_staircase_door_maze
Depths:4: gammafunk_sealed_arena, layout_cave_shapes, abyss_entry, pan_entry,
          hell_entry, abandoned_shop, uniq_enchantress
Depths:5: grunt_zot_entry_hairpin, layout_gridlike, hell_entry,
          cheibriados_altar_1, ebering_ghost_inner_flame, abyss_entry_glasseish,
          serial_bayou_shore_b
Zot:1:    layout_onion_interference, zot_minivault_5
Zot:2:    layout_onion, uniq_tiamat
Zot:3:    layout_onion_interference, grunt_ministairs_6
Zot:4:    layout_basic
Zot:5:    layout_onion

Skill      XL: |  1  2  3  4  5  6  7  8  9 10 11 12 13 14 15 16 17 18 19 20 21 22 23 24 25 26 27 |
---------------+----------------------------------------------------------------------------------+-----
Unarmed Combat | 4 5 6 8 9 11 12 13 15 17 18 19 20 | 20.4
Fighting       | 3 4 5 6 7 8 9 10 11 12 13 14 16 17 18 19 20 21 | 21.0
Invocations    | 3 4 6 7 |  7.6
Throwing       | 3 5 8 9 10 12 13 14 15 16 17 19 | 19.0
Shields        | 2 6 9 10 11 12 14 15 16 17 | 17.2
Armour         | 5 7 9 10 11 12 13 14 15 16 | 16.6
Evocations     | 2 4 6 8 10 11 13 | 13.1
Translocations | 2 |  2.0
Dodging        | 3 6 8 10 11 | 11.1
Stealth        | |  1.0

Action                   |  1- 3 |  4- 6 |  7- 9 | 10-12 | 13-15 | 16-18 | 19-21 | 22-24 | 25-27 || total
-------------------------+-------+-------+-------+-------+-------+-------+-------+-------+-------++-------
Melee: Unarmed           |    95 |   104 |   211 |   523 |  1766 |  1611 |  1797 |  1839 |  1702 ||  9648
       Punch             |       |     2 |    18 |     6 |       |       |       |       |       ||    26
Throw: Dart              |       |       |     3 |    66 |    23 |       |       |       |       ||    92
       Large rock        |       |       |       |     7 |     8 |    24 |     5 |       |    61 ||   105
       Javelin           |       |       |       |     1 |    14 |     9 |    74 |    38 |    43 ||   179
       Boomerang         |       |       |       |       |     5 |       |       |       |       ||     5
Invok: Heroism           |       |       |     5 |    12 |    14 |     8 |    11 |    13 |    16 ||    79
       Finesse           |       |       |       |     2 |     4 |     5 |     5 |     2 |     7 ||    25
 Abil: Evoke Berserk Rag |       |       |       |       |     3 |     1 |       |       |       ||     4
       Evoke Invisibilit |       |       |       |       |       |       |     1 |     1 |       ||     2
Evoke: Wand              |       |       |       |       |     2 |     3 |     1 |     1 |     4 ||    11
       Lightning rod     |       |       |       |       |       |       |     1 |     1 |       ||     2
       Fan of gales      |       |       |       |       |       |       |     1 |       |       ||     1
       Lamp of fire      |       |       |       |       |       |       |       |       |     1 ||     1
       Sack of spiders   |       |       |       |       |       |       |       |       |     1 ||     1
  Use: Scroll            |       |       |       |    17 |    15 |     9 |    12 |     3 |    14 ||    70
       Potion            |       |       |       |       |       |       |    12 |       |    18 ||    30
 Stab: Sleeping          |     2 |     2 |     4 |     2 |     3 |       |       |       |       ||    13
       Distracted        |       |       |     1 |       |     1 |       |     1 |     1 |     1 ||     5
       Paralysed         |       |       |       |       |       |       |     1 |       |       ||     1
       Petrifying        |       |       |       |       |       |       |     1 |       |       ||     1
       Invisible         |       |       |       |       |       |       |       |     1 |       ||     1
       Confused          |       |       |       |       |       |       |       |       |     3 ||     3
  Eat: Chunk             |     8 |    20 |    24 |    57 |   138 |    65 |    45 |    82 |    47 ||   486
       Ration            |       |       |       |       |       |    11 |     9 |       |    15 ||    35
Armor: Robe              |    38 |    40 |    51 |    44 |    39 |       |       |       |       ||   212
       Ice dragon scales |       |       |       |       |   129 |       |       |       |       ||   129
       Gold dragon scale |       |       |       |       |   318 |   704 |   668 |   443 |   640 ||  2773
Dodge: Dodged            |    47 |    59 |    85 |    99 |   257 |   157 |   314 |   258 |   307 ||  1583
Block: Other             |       |     6 |    10 |     9 |       |       |       |       |       ||    25
       Large shield      |       |       |       |   293 |  1579 |  1590 |  1600 |  1403 |  1494 ||  7959
       Reflection        |       |       |       |     1 |       |    25 |    30 |   118 |    44 ||   218
